 Dungeon Crawl Stone Soup version 0.29.1-1-gd02db6906a (webtiles) character file.

Game seed: 3408144699453942334

39 dave1331 the Sneak (level 3, -1/18 HPs)
             Began as a Spriggan Brigand on Oct 4, 2022.
             Slain by a worm (4 damage)
             ... on level 2 of the Dungeon.
             The game lasted 00:05:40 (1488 turns).

dave1331 the Sneak (Spriggan Brigand)               Turns: 1488, Time: 00:05:40

Health: -1/18      AC:  3    Str: 15    XL:     3   Next: 28%
Magic:  4/4        EV: 17    Int: 12    God:
Gold:   27         SH:  0    Dex: 16    Spells: 2/2 levels left

rFire   . . .      SeeInvis +   f - staff of cold
rCold   + . .      Faith    +   (shield currently unavailable)
rNeg    . . .      Spirit   .   b - +0 robe
rPois   .          Reflect  .   (helmet restricted)
rElec   .          Harm     .   c - +0 cloak
rCorr   .          Rampage  .   (gloves unavailable)
Will    .....                   (boots unavailable)
Stlth   ++++......              h - amulet of faith
HPRegen 0.06/turn               k - +6 ring of strength
MPRegen 0.09/turn               (no ring)

@: very quick
A: very small, no large weapons, unfitting armour, see invisible, speed 3
a: no special abilities


You were on level 2 of the Dungeon.
You visited 1 branch of the dungeon, and saw 2 of its levels.

You collected 27 gold pieces.

Inventory:

Hand Weapons
 a - a +2 dagger
Missiles
 d - 13 poisoned darts
 e - 3 curare-tipped darts (quivered)
Armour
 b - a +0 robe (worn)
 c - a +0 cloak (worn)
Magical Staves
 f - a staff of cold (weapon)
Jewellery
 h - an amulet of faith (around neck)
 k - a +6 ring of strength (left hand)
Scrolls
 q - a scroll of silence {unknown}
Potions
 g - a potion of attraction {unknown}
 l - a potion of haste {unknown}
 m - a potion of curing {unknown}
 o - a potion of cancellation {unknown}
 p - a potion of might {unknown}


   Skills:
 + Level 1.8 Fighting
 + Level 2.4 Short Blades
 + Level 2.1 Throwing
 + Level 1.9 Dodging
 + Level 7.1 Stealth


You had 2 spell levels left.
You didn't know any spells.
Your spell library was empty.

Dungeon Overview and Level Annotations

Branches:
Dungeon (2/15)

Altars:


Innate Abilities, Weirdness & Mutations

You are very small and have problems with some larger weapons.
You are too small for most types of armour.
You have supernaturally acute eyesight. (SInv)
You cover ground extremely quickly. (Speed+++)


Message History

You now have 27 gold pieces (gained 15).
d - 13 poisoned darts (gained 4)
A worm comes into view.
Found 10 stones.
The helpless worm fails to defend itself.
You hit the worm but do no damage. The worm bites you!
Ouch! That really hurt!
You hit the worm but do no damage. You hit the worm.
The worm is lightly wounded.
The worm barely misses you.
You hit the worm.
The worm is moderately wounded.
The worm barely misses you.
You barely miss the worm.
The worm is lightly wounded.
You hit the worm.
The worm is moderately wounded.
The worm completely misses you.
You barely miss the worm.
The worm is moderately wounded.
The worm misses you.
You hit the worm.
The worm is moderately wounded.
The worm bites you.
* * * LOW HITPOINT WARNING * * *
You hit the worm but do no damage.
The worm is moderately wounded.
You hit the worm.
The worm is heavily wounded.
The worm closely misses you.
You barely miss the worm.
The worm is moderately wounded.
The worm closely misses you.
You completely miss the worm.
The worm is moderately wounded.
You barely miss the worm.
The worm is moderately wounded.
The worm bites you.
You die...

#........ #
#########..######
#. #..........#
.#.#.###..........#
.(...(.#..........#
#..########..#
#.#.########..#
..##...........#
#=. #w@#####.###.#
#. ##.# .# #. #.#
.# . ..# ..# #..#
#.## #.


You could see a worm.

Vanquished Creatures
  2 dart slugs (D:1)
  3 ball pythons (D:1)
  6 endoplasms
  2 giant cockroaches
  4 hobgoblins (D:1)
  4 kobolds (D:1)
  A quokka (D:1)
  3 bats (D:1)
  A frilled lizard (D:1)
  A goblin (D:1)
  4 rats (D:1)
31 creatures vanquished.

Notes
Turn   | Place    | Note
-------+----------+-------------------------------------------
     0 | D:1      | dave1331 the Spriggan Brigand began the quest for the Orb.
     0 | D:1      | Reached XP level 1. HP: 10/10 MP: 2/2
    16 | D:1      | Reached skill level 6 in Stealth
   109 | D:1      | Reached XP level 2. HP: 10/15 MP: 3/3
   655 | D:1      | Reached skill level 7 in Stealth
   741 | D:1      | Reached XP level 3. HP: 18/18 MP: 4/4
   968 | D:1      | Found a faded altar of an unknown god.
  1317 | D:1      | Identified a scroll of acquirement
  1317 | D:1      | Acquired a staff of cold
  1488 | D:2      | Slain by a worm

Illustrated notes

Levels and vault maps discovered:
D:1:      co_arrival_square_in_a_square_in_a_square, layout_basic,
          chequers_ecumenical_altar_lobes
D:2:      layout_basic, minmay_heptomino_d4

Skill      XL: |  1  2 |
---------------+-------+-----
Stealth        | 6 7 |  7.1
Fighting       | |  1.8
Short Blades   | |  2.4
Throwing       | |  2.1
Dodging        | |  1.9

Action                   || total
-------------------------++-------
Melee: Dagger            ||    89
       Punch             ||     1
       Staff             ||    18
  Use: Scroll            ||     4
 Stab: Sleeping          ||    12
Armor: Robe              ||    15
Dodge: Dodged            ||    71
